 Dungeon Crawl Stone Soup version 0.19.1 (webtiles) character file.

71078 JeffiDaFish the Peltast (level 15, -7/96 HPs)
             Began as a Gargoyle Fighter on Dec 14, 2016.
             Was the Champion of Makhleb.
             Killed from afar by a starcursed mass (17 damage)
             ... with an accursed screaming
             ... on level 2 of the Abyss.
             The game lasted 01:25:42 (17924 turns).

JeffiDaFish the Peltast (Gargoyle Fighter)         Turns: 17924, Time: 01:25:43

Health: -7/96      AC: 32    Str: 28    XL:     15   Next: 35%
Magic:  15/15      EV:  8    Int:  8    God:    Makhleb [******]
Gold:   1384       SH: 26    Dex: 14    Spells: 0 memorised, 14 levels left

rFire  . . .     SeeInvis .     a - +5 flail
rCold  + . .     Gourm    .     n - +0 plate armour
rNeg   + . .     Faith    .     B - +3 large shield
rPois  ∞         Spirit   .     h - +0 helmet
rElec  +         Reflect  .     o - +1 cloak
rCorr  .         Harm     .     i - +1 pair of gloves {archery}
MR     ++...                    (no boots)
Stlth  ..........               u - amulet of regeneration
                                E - ring of Mistrust {Wiz Str+4 Stlth+}
                                y - ring "Xuafima" {rC+ Dex+2}

@: about to teleport, flying
A: big wings, magic resistance 1, negative energy resistance 1, electricity
resistance, unbreathing, petrification resistance, rot immunity, AC +11
a: Stop Flying, Minor Destruction, Lesser Servant of Makhleb, Major Destruction,
Greater Servant of Makhleb, Renounce Religion


You were on level 2 of the Abyss.
You worshipped Makhleb.
Makhleb was exalted by your worship.
You were very hungry.

You visited 3 branches of the dungeon, and saw 20 of its levels.
You visited the Abyss 1 time.
You also visited: Sewer, Ossuary and Ice Cave.

You collected 1384 gold pieces.

Inventory:

Hand Weapons
 a - a +5 flail (weapon)
Armour
 h - a +0 helmet (worn)
 i - a +1 pair of gloves of archery (worn)
 n - a +0 plate armour (worn)
 o - a +1 cloak (worn)
 B - a +3 large shield (worn)
Jewellery
 u - an amulet of regeneration (around neck)
 y - the ring "Xuafima" (left hand) {rC+ Dex+2}
   (You found it on level 7 of the Dungeon)

   [ring of protection from cold]

   It affects your dexterity (+2).
   It protects you from cold.
 E - the ring of Mistrust (right hand) {Wiz Str+4 Stlth+}
   (You found it on level 3 of the Lair of Beasts)

   [ring of wizardry]

   It improves your spell success rate.
   It affects your strength (+4).
   It makes you more stealthy.
Scrolls
 c - 4 scrolls of fog
 g - 11 scrolls of remove curse
 j - 2 scrolls of teleportation
 v - 3 scrolls of recharging
 A - 3 scrolls of fear
 D - 2 scrolls of identify
 F - 2 scrolls of summoning
 G - 4 scrolls of magic mapping
Potions
 d - a potion of berserk rage {unknown}
 e - a potion of resistance
 l - a potion of magic
 s - 3 potions of agility
 t - a potion of beneficial mutation {unknown}
 w - 11 potions of curing
 x - 2 potions of cancellation
Comestibles
 f - 12 bread rations
 k - 11 meat rations
 p - 10 slices of pizza
 q - 7 beef jerkies
 z - 8 fruits


   Skills:
 + Level 12.1 Fighting
 + Level 14.6 Maces & Flails
 + Level 10.5 Armour
 + Level 3.6 Dodging
 + Level 1.6 Stealth
 + Level 17.4 Shields


You had 14 spell levels left.
You didn't know any spells.

Dungeon Overview and Level Annotations

Branches:
Dungeon (13/15)            Temple (1/1) D:7            Lair (6/6) D:8
 Shoals (0/4) Lair:4        Snake (0/4) Lair:2        Slime (0/5) Lair:6
    Orc (0/2) D:11
 Vaults: D:13-14

Altars:
Ashenzari
Cheibriados
Dithmenos
Elyvilon
Gozag
Makhleb
Nemelex Xobeh
Qazlal
Ru
Sif Muna
Vehumet
Zin
The Shining One

Shops:
D:4 !

Annotations:
Lair:6 exclusion: 3 oklob plants


Innate Abilities, Weirdness & Mutations

You are resistant to torment.
Your stone body is resilient. (AC +11)
You are immune to poison.
Your large and strong wings let you fly indefinitely.
You resist negative energy. (rN+)
You are resistant to electric shocks. (rElec)
You can survive without breathing.
You are immune to petrification.
You are immune to rotting.
You are resistant to hostile enchantments. (MR+)


Message History

As you read the scroll of teleportation, it crumbles to dust.
You feel strangely unstable.
You feel the power of the Abyss delaying your translocation!
A chorus of shrieks assaults your mind.
* * * LOW HITPOINT WARNING * * *
A cacophony of accursed wailing tears at your sanity!
* * * LOW HITPOINT WARNING * * *
You suddenly lose the ability to move!
A starcursed mass splits.
The starcursed mass engulfs you.
* * * LOW HITPOINT WARNING * * *
You can move again.
You sock the starcursed mass!
The starcursed mass is severely damaged.
The starcursed mass shudders and is absorbed by its neighbour.
A starcursed mass splits.
The starcursed mass engulfs you.
* * * LOW HITPOINT WARNING * * *
You feel better. The starcursed mass closely misses you.
You block the starcursed mass's attack.
A cacophony of accursed wailing tears at your sanity!
You die...

# . #.#. . .
#..#..## # ..#.
#... . # #..#.X##
# ### .. #.
#..#.. # .#... .
..
.##X.####.##..##
.. #.
.#.X.##..#..#...#
......#XX.....##
...###..X.XX@...#
# #.##...X#.##.#
# #.# #.##.###.#
. .# .## ### ###
#. ... ##. .# #..
# . .


You could see 8 starcursed masses.

Vanquished Creatures
  Kirke (D:12)
  2 tentacled starspawn (Abyss:2)
  2 entropy weavers (D:12)
  Nessos (D:12)
  The ghost of Charlie the Unseen, a journeyman KoAs of Okawaru (D:13)
  An ogre mage (D:13)
  The ghost of TheOneDM the Geomancer, a journeyman GrEE of Vehumet (D:12)
  Fannar (D:12)
  5 hydras
  A centaur warrior (D:8)
  The ghost of demenzo the Basher, a journeyman GrGl of Okawaru (Lair:3)
  A queen ant (D:12)
  Nergalle (D:12)
  A titan skeleton (Abyss:2)
  An unseen horror (D:8)
  3 wizards (D:13)
  Pikel (D:8)
  6 hill giants
  An oklob plant (Lair:4)
  A deep elf mage (D:13)
  2 ugly things (IceCv)
  An orc sorcerer (D:13)
  4 slime creatures (D:12)
  Maurice (D:12)
  A cyclops (D:10)
  3 centaur zombies
  12 elephants
  2 ice statues (IceCv)
  3 black mambas
  A gargoyle (D:12)
  26 spiny frogs
  6 komodo dragons
  3 rime drakes
  2 polar bears
  2 trolls
  4 tyrant leeches (Lair:6)
  2 hornets
  8 blink frogs
  7 hippogriffs
  A vampire (D:13)
  A ynoxinul (Abyss:2)
  5 wyverns
  2 water elementals (D:12)
  2 shadows
  A fire elemental (Abyss:2)
  3 hogs (D:7)
  36 yaks
  2 basilisks
  A human (D:7)
  A chaos spawn (Abyss:2)
  4 vampire mosquitoes (Lair:6)
  22 soldier ants (D:12)
  A mottled dragon (D:12)
  4 nagas (Lair:2)
  10 water moccasins
  Duvessa (D:4)
  7 porcupines
  An eye of draining (D:6)
  3 sky beasts
  A slave (D:8)
  5 orc warriors
  3 small abominations (Abyss:2)
  A black bear (D:12)
  3 ogres
  8 ice beasts
  A necrophage (D:8)
  A phantom (D:9)
  23 wolves
  8 starcursed masses (Abyss:2)
  7 crocodiles
  A big kobold (Sewer)
  2 water moccasin zombies (Ossuary)
  20 bullfrogs
  Dowan (D:4)
  A wyvern skeleton (D:11)
  6 killer bees
  A scorpion (D:13)
  5 wights (D:9)
  9 electric eels
  8 howler monkeys
  6 crimson imps
  A quasit (Abyss:2)
  A bullfrog zombie (D:5)
  6 hounds
  13 orc wizards
  2 gnoll shamans
  5 orc priests
  5 jellies
  4 bullfrog skeletons
  4 centaur skeletons
  Jessica (D:3)
  An iguana (D:12)
  4 hell rats (Lair:3)
  36 worker ants
  A killer bee zombie (D:8)
  5 big kobold zombies (Ossuary)
  3 hound skeletons
  A howler monkey zombie (D:9)
  2 mummies (Ossuary)
  A worker ant zombie (D:8)
  14 adders
  9 gnolls
  A river rat (Sewer)
  4 shadow imps
  An ooze (D:3)
  3 adder zombies
  An adder skeleton (D:8)
  5 worms
  6 dart slugs
  10 leopard geckos
  47 orcs
  A ball python (D:1)
  12 giant cockroaches
  4 gnoll zombies (Ossuary)
  9 goblins
  6 hobgoblins
  21 jackals
  5 kobolds
  2 quokkas (D:11)
  6 bats
  2 frilled lizards
  4 hobgoblin zombies (Ossuary)
  3 kobold zombies (Ossuary)
  6 orc zombies (Ossuary)
  15 rats
  A starspawn tentacle (Abyss:2)
646 creatures vanquished.

Vanquished Creatures (collateral kills)
  A jelly (D:11)
  An adder (D:11)
  An orc (D:11)
3 creatures vanquished.

Vanquished Creatures (others)
  6 humans (D:12)
  A yak (D:12)
  9 fungi
  21 plants
  9 starspawn tentacles (Abyss:2)
46 creatures vanquished.

Grand Total: 695 creatures vanquished

Notes
Turn   | Place    | Note
-------+----------+-------------------------------------------
     0 | D:1      | JeffiDaFish the Gargoyle Fighter began the quest for the Orb.
     0 | D:1      | Reached XP level 1. HP: 14/14 MP: 1/1
   153 | D:1      | Reached XP level 2. HP: 19/19 MP: 2/2
   933 | D:2      | Reached XP level 3. HP: 21/24 MP: 3/3
  1023 | D:2      | Reached XP level 4. HP: 29/29 MP: 4/4
  1096 | D:2      | Found a burning altar of Makhleb.
  1125 | D:2      | Became a worshipper of Makhleb the Destroyer
  1323 | D:2      | Reached skill level 4 in Shields
  1398 | D:3      | Found a shadowy altar of Dithmenos.
  1428 | D:3      | Found a shattered altar of Ashenzari.
  1465 | D:3      | Reached XP level 5. HP: 26/33 MP: 5/5
  1568 | D:3      | Found a white marble altar of Elyvilon.
  1570 | D:3      | Found a deep blue altar of Sif Muna.
  1572 | D:3      | Found a glowing golden altar of the Shining One.
  1572 | D:3      | Found a radiant altar of Vehumet.
  1581 | D:3      | Reached * piety under Makhleb
  1753 | D:3      | Found a glowing drain.
  1757 | Sewer    | Entered a sewer
  1835 | Sewer    | Noticed a big kobold
  1853 | Sewer    | Killed a big kobold
  1853 | Sewer    | Reached skill level 1 in Dodging
  1853 | Sewer    | Reached XP level 6. HP: 31/38 MP: 4/6
  1878 | Sewer    | Found a white marble altar of Elyvilon.
  1987 | D:3      | Found a snail-covered altar of Cheibriados.
  2170 | D:3      | Reached ** piety under Makhleb
  2418 | D:3      | Noticed Jessica
  2425 | D:3      | Killed Jessica
  2472 | D:3      | Found a stormy altar of Qazlal.
  2637 | D:4      | Reached skill level 5 in Shields
  2650 | D:4      | Found Puicwe's Distillery.
  2848 | D:4      | Noticed Duvessa
  2848 | D:4      | Noticed Dowan
  2879 | D:4      | Killed Duvessa
  2879 | D:4      | Reached XP level 7. HP: 17/44 MP: 4/7
  2896 | D:4      | Killed Dowan
  3506 | D:5      | Entered Level 5 of the Dungeon
  3559 | D:5      | Reached skill level 5 in Maces & Flails
  3902 | D:5      | Noticed a hippogriff
  3919 | D:5      | Killed a hippogriff
  3919 | D:5      | Reached skill level 5 in Armour
  3919 | D:5      | Reached XP level 8. HP: 37/48 MP: 5/8
  4085 | D:5      | Gained mutation: You are resistant to hostile enchantments. (MR+) [potion of mutation]
  4321 | D:6      | Reached skill level 6 in Shields
  4397 | D:6      | Reached skill level 5 in Fighting
  4621 | D:6      | Found a sparkling altar of Nemelex Xobeh.
  4622 | D:6      | Found a sacrificial altar of Ru.
  5324 | D:6      | Reached *** piety under Makhleb
  5324 | D:6      | Reached skill level 7 in Shields
  5340 | D:7      | Reached XP level 9. HP: 54/54 MP: 9/9
  5669 | D:7      | Found a sand-covered staircase.
  5676 | Ossuary  | Entered an ossuary
  5834 | Ossuary  | Reached **** piety under Makhleb
  5893 | D:7      | Got a wavering turquoise ring
  5894 | D:7      | Identified the ring "Xuafima" {rC+ Dex+2} (You found it on level 7 of the Dungeon)
  5899 | D:7      | Found a staircase to the Ecumenical Temple.
  5920 | Temple   | Entered the Ecumenical Temple
  6266 | D:7      | Reached skill level 8 in Shields
  6884 | D:7      | Found a stormy altar of Qazlal.
  7131 | D:8      | Noticed a hill giant
  7144 | D:8      | Killed a hill giant
  7144 | D:8      | Reached skill level 9 in Shields
  7144 | D:8      | Reached XP level 10. HP: 57/61 MP: 5/10
  7246 | D:8      | Found a staircase to the Lair.
  7375 | D:8      | Reached ***** piety under Makhleb
  7483 | D:8      | Noticed Pikel
  7493 | D:8      | Killed Pikel
  7509 | D:8      | Found an opulent altar of Gozag.
  7509 | D:8      | Found a snail-covered altar of Cheibriados.
  7524 | D:8      | Noticed a centaur warrior
  7622 | D:8      | Killed a centaur warrior
  7679 | D:8      | Killed an unseen horror
  7679 | D:8      | Reached skill level 10 in Maces & Flails
  7679 | D:8      | Reached skill level 10 in Shields
  8079 | Lair:1   | Entered Level 1 of the Lair of Beasts
  8338 | Lair:1   | Noticed a spiny frog
  8343 | Lair:1   | Killed a spiny frog
  8343 | Lair:1   | Reached XP level 11. HP: 67/68 MP: 11/11
  8725 | Lair:1   | You fall through a shaft!
  9129 | Lair:2   | Found a staircase to the Snake Pit.
  9486 | Lair:3   | Reached skill level 11 in Shields
  9595 | Lair:3   | Noticed demenzo's ghost (journeyman GrGl)
  9609 | Lair:3   | Killed demenzo's ghost
  9919 | Lair:3   | Got a shimmering brass ring
 10117 | Lair:3   | Reached XP level 12. HP: 58/75 MP: 12/12
 10216 | Lair:4   | Found a staircase to the Shoals.
 10271 | Lair:4   | Reached skill level 12 in Shields
 11089 | Lair:5   | Noticed a four-headed hydra
 11108 | Lair:5   | Killed a four-headed hydra
 11108 | Lair:5   | Reached skill level 13 in Shields
 11125 | Lair:5   | Reached ****** piety under Makhleb
 11501 | Lair:5   | Identified the ring of Mistrust {Wiz Str+4 Stlth+} (You found it on level 3 of the Lair of Beasts)
 11560 | Lair:5   | Reached XP level 13. HP: 82/82 MP: 13/13
 11581 | Lair:5   | Reached skill level 14 in Shields
 11627 | Lair:5   | Reached skill level 10 in Fighting
 12154 | Lair:5   | Reached skill level 1 in Stealth
 12227 | Lair:6   | Entered Level 6 of the Lair of Beasts
 12227 | Lair:6   | Found a staircase to the Slime Pits.
 12857 | Lair:6   | Reached skill level 15 in Shields
 13522 | D:9      | Gained mutation: Your large and strong wings let you fly indefinitely. [Gargoyle growth]
 13522 | D:9      | Reached XP level 14. HP: 84/88 MP: 14/14
 13864 | D:9      | Found a glowing silver altar of Zin.
 14325 | D:10     | Entered Level 10 of the Dungeon
 15666 | D:11     | Found a staircase to the Orcish Mines.
 15778 | D:12     | Noticed Fannar
 15797 | D:12     | Killed Fannar
 15912 | D:12     | Noticed TheOneDM's ghost (journeyman GrEE)
 15947 | D:12     | Killed TheOneDM's ghost
 15955 | D:12     | Noticed Maurice
 15961 | D:12     | Noticed Kirke
 15966 | D:12     | Reached skill level 16 in Shields
 15985 | D:12     | Killed Kirke
 16005 | D:12     | Killed Maurice
 16139 | D:12     | Noticed an entropy weaver
 16171 | D:12     | Reached skill level 10 in Armour
 16184 | D:12     | Found a frozen archway.
 16203 | IceCv    | Entered an ice cave
 16256 | IceCv    | Identified the +3 chain mail of Yfikotz {Regen+} (You found it in an ice cave)
 16347 | D:12     | Noticed Nessos
 16402 | D:12     | Killed Nessos
 16521 | D:13     | Noticed Charlie's ghost (journeyman KoAs)
 16693 | D:12     | Killed an entropy weaver
 16762 | D:12     | Noticed Nergalle
 16782 | D:12     | Killed Nergalle
 16895 | D:12     | Noticed an entropy weaver
 16914 | D:12     | Killed an entropy weaver
 16914 | D:12     | Reached XP level 15. HP: 77/96 MP: 15/15
 17379 | D:13     | Reached skill level 17 in Shields
 17418 | D:13     | Killed Charlie's ghost
 17432 | D:13     | Paralysed by a wizard for 5 turns
 17630 | D:13     | Cast into level 2 of the Abyss (a wizard)
 17663 | Abyss:2  | Noticed a tentacled starspawn
 17683 | Abyss:2  | Killed a tentacled starspawn
 17733 | Abyss:2  | Noticed a tentacled starspawn
 17756 | Abyss:2  | Killed a tentacled starspawn
 17840 | Abyss:2  | Paralysed by accursed screaming for 1 turns
 17857 | Abyss:2  | Paralysed by accursed screaming for 1 turns
 17873 | Abyss:2  | Paralysed by accursed screaming for 1 turns
 17921 | Abyss:2  | Paralysed by accursed screaming for 2 turns
 17923 | Abyss:2  | HP: 3/96 [starcursed mass (6)]
 17924 | Abyss:2  | Killed from afar by a starcursed mass

Skill      XL: |  1  2  3  4  5  6  7  8  9 10 11 12 13 14 15 |
---------------+----------------------------------------------+-----
Shields        | 4 5 7 9 10 11 13 15 16 17 | 17.4
Maces & Flails | 3 4 5 6 8 10 11 12 13 14 | 14.6
Armour         | 4 5 6 7 8 9 10 | 10.5
Fighting       | 4 5 6 7 8 9 10 11 12 | 12.1
Dodging        | 1 2 3 |  3.6
Stealth        | 1 |  1.6

Action                   |  1- 3 |  4- 6 |  7- 9 | 10-12 | 13-15 || total
-------------------------+-------+-------+-------+-------+-------++-------
Melee: Flail             |    99 |   338 |   604 |   977 |  1712 ||  3730
 Abil: Fly               |       |       |       |       |     1 ||     1
  Use: Potion            |     6 |     3 |     6 |     3 |     6 ||    24
       Scroll            |     3 |     7 |     9 |     5 |    14 ||    38
 Stab: Distracted        |       |       |     1 |       |       ||     1
       Invisible         |       |       |       |       |     2 ||     2
  Eat: Chunk             |     1 |     7 |    13 |    17 |    22 ||    60
       Pizza             |       |       |     1 |       |       ||     1
Armor: Scale mail        |    65 |   242 |    61 |       |       ||   368
       Chain mail        |       |       |    72 |       |       ||    72
       Plate armour      |       |       |   174 |   556 |   618 ||  1348
Dodge: Dodged            |    40 |   158 |    80 |   151 |   218 ||   647
Block: Shield            |    60 |   223 |    14 |       |       ||   297
       Large shield      |       |       |   480 |  1064 |  1673 ||  3217
